 Dungeon Crawl Stone Soup version 0.30-a0-371-gad7725a93e (webtiles) character file.

Game seed: 16256690391909759120

1040 KennySheep the Trooper (level 8, -16/83 HPs)
             Began as an Ogre Fighter on Nov 20, 2022.
             Was a Believer of Fedhas.
             Killed from afar by a steam dragon (20 damage)
             ... with a ball of steam
             ... on level 6 of the Dungeon.
             The game lasted 00:08:22 (4813 turns).

KennySheep the Trooper (Ogre Fighter)               Turns: 4813, Time: 00:08:22

Health: -16/83     AC:  3    Str: 35    XL:     8   Next: 24%
Magic:  10/10      EV:  9    Int:  9    God:    Fedhas [**....]
Gold:   211        SH: 12    Dex:  8    Spells: 7/7 levels left

rFire   . . .      SeeInvis .    a - +0 war axe
rCold   . . .      Faith    .    c - +0 kite shield
rNeg    . . .      Spirit   .    b - +0 robe
rPois   .          Reflect  +    (helmet restricted)
rElec   .          Harm     .    (no cloak)
rCorr   .          Rampage  .    (gloves unavailable)
Will    .....                    (boots unavailable)
Stlth   +.........               m - amulet of reflection
HPRegen 0.33/turn                e - +6 ring of strength
MPRegen 0.12/turn                w - +6 ring of strength

@: mighty, lethally poisoned (-16 -> -19)
A: large, unfitting armour, tough skin 1
a: Renounce Religion, Wall of Briars


You were on level 6 of the Dungeon.
You worshipped Fedhas.
Fedhas was pleased with you.
You visited 1 branch of the dungeon, and saw 6 of its levels.

You collected 211 gold pieces.

Inventory:

Hand Weapons
 a - a +0 war axe (weapon)
Missiles
 n - 52 stones (quivered)
 p - 7 poisoned darts
Armour
 b - a +0 robe (worn)
 c - a +0 kite shield (worn)
Jewellery
 e - a +6 ring of strength (left hand)
 m - an amulet of reflection (around neck)
 s - a ring of willpower
 w - a +6 ring of strength (right hand)
 y - an amulet of magic regeneration
 E - a +6 ring of intelligence
 F - a +6 ring of intelligence
Wands
 D - a wand of quicksilver (12)
 G - a wand of roots (7)
Scrolls
 f - a scroll of fear
 g - 2 scrolls of fog
 i - 2 scrolls of magic mapping
 l - a scroll of vulnerability
 r - a scroll of torment
 v - a scroll of immolation
 x - 3 scrolls of teleportation
 A - a scroll of brand weapon
 B - a scroll of summoning
 C - 2 scrolls of identify
 H - a scroll of amnesia {unknown}
Potions
 h - 5 potions of mutation {unknown}
 j - a potion of invisibility {unknown}
 k - 2 potions of lignification {unknown}
 o - a potion of degeneration {unknown}
 q - 2 potions of magic {unknown}
 t - 2 potions of brilliance {unknown}
 u - 2 potions of cancellation {unknown}
 z - 2 potions of heal wounds {unknown}


   Skills:
 + Level 6.1 Fighting
 * Level 5.4 Axes
 + Level 2.9 Throwing
 + Level 4.3 Dodging
 + Level 4.6 Shields
 + Level 3.3 Invocations


You had 7 spell levels left.
You didn't know any spells.
Your spell library contained the following spells:

 Spells                   Type           Power      Damage    Failure   Level
 Ensorcelled Hibernation  Hex/Ice        0%         N/A       80%         2
 Spider Form              Tmut/Pois      0%         N/A       95%         3
 Tukima's Dance           Hex            0%         N/A       95%         3
 Anguish                  Hex/Necr       0%         N/A       100%        4
 Passage of Golubria      Tloc           0%         N/A       100%        4
 Yara's Violent Unravell  Hex/Tmut       0%         3d3       100%        5


Dungeon Overview and Level Annotations

Branches:
Dungeon (6/15)
 Temple: D:4-7

Altars:
Elyvilon
Fedhas
Nemelex Xobeh
Okawaru

Shops:
D:3 =


Innate Abilities, Weirdness & Mutations

You are too large for most types of armour.
You have tough skin. (AC +1)


Message History

The kobold shouts!
The kobold throws a stone.
The stone closely misses you. The steam dragon breathes steam at you.
The ball of steam hits you!!
You hear a shout!
A kobold brigand comes into view.
It is wielding a +0 short sword and quivering poisoned darts.
You are engulfed in a cloud of scalding steam.
The kobold throws a stone.
The stone hits you but does no damage.
The kobold brigand throws a poisoned dart.
You reflect the poisoned dart off an invisible shield around you!
The poisoned dart completely misses the kobold brigand.
You slash the steam dragon!
The steam dragon is heavily wounded.
You are engulfed in a cloud of scalding steam.
The steam dragon breathes steam at you. The ball of steam hits you!
The kobold brigand throws a poisoned dart.
The poisoned dart hits you!
You are poisoned.
You slash the steam dragon!
The steam dragon is severely wounded.
You are engulfed in a cloud of scalding steam.
* * * LOW HITPOINT WARNING * * *
You feel very sick.
You block the steam dragon's attack. x2; The steam dragon bites you!
* * * LOW HITPOINT WARNING * * *
The steam dragon barely misses you.
You barely miss the steam dragon.
The steam dragon is severely wounded.
You completely miss the kobold.
You feel sick. You block the kobold's attack.
You block the steam dragon's attack.
The steam dragon claws you but does no damage.
You feel very mighty all of a sudden.
You feel sick. The kobold hits you with a +0 whip.
* * * LOW HITPOINT WARNING * * *
The kobold closely misses you. The steam dragon breathes steam at you.
The ball of steam hits you!!
You die...
Fedhas appreciates your contribution to the ecosystem.

### ### ##.# #.# #..#
#.# ##§.# #.. #.§.#
#.. #
##§..##########..
##.###................
#......###############
##..K@.......# #
#...KDK.......
#.............
#..K...........
#..............
#..............
#..............
##............


You could see a steam dragon (catching breath), a kobold brigand and 3 kobolds.

Vanquished Creatures
  Sigmund (D:3)
  A wyvern (D:5)
  A water moccasin (D:5)
  A black bear (D:5)
  An ogre (D:5)
  A phantom (D:5)
  A necrophage (D:5)
  A kobold brigand (D:6)
  A scorpion (D:5)
  2 iguanas (D:5)
  6 adders
  A white imp (D:6)
  2 worms
  3 dart slugs (D:1)
  8 orcs (D:5)
  7 bats
  6 endoplasms
  3 giant cockroaches (D:1)
  8 goblins
  2 hobgoblins
  4 jackals (D:1)
  8 kobolds
  8 quokkas
  7 ball pythons
  3 frilled lizards
  5 rats
92 creatures vanquished.

Notes
Turn   | Place    | Note
-------+----------+-------------------------------------------
     0 | D:1      | KennySheep the Ogre Fighter began the quest for the Orb.
     0 | D:1      | Reached XP level 1. HP: 24/24 MP: 1/1
   122 | D:1      | Reached XP level 2. HP: 28/32 MP: 2/2
   350 | D:1      | Reached XP level 3. HP: 40/40 MP: 3/3
  1344 | D:2      | Reached XP level 4. HP: 45/49 MP: 4/4
  1382 | D:2      | Found a faded altar of an unknown god.
  1404 | D:2      | Prayed at the altar of an unknown god.
  1404 | D:2      | Became a worshipper of Fedhas Madash
  1404 | D:2      | Reached * piety under Fedhas
  2459 | D:3      | Noticed Sigmund
  2466 | D:3      | Killed Sigmund
  2467 | D:3      | Reached skill level 5 in Fighting
  2467 | D:3      | Reached skill level 1 in Throwing
  2467 | D:3      | Reached skill level 1 in Invocations
  2467 | D:3      | Reached XP level 5. HP: 47/57 MP: 4/6
  2467 | D:3      | Reached XP level 6. HP: 54/66 MP: 4/7
  2574 | D:3      | Found Junogus's Jewellery Shoppe.
  2579 | D:3      | Reached ** piety under Fedhas
  2769 | D:3      | Found a sparkling altar of Nemelex Xobeh.
  2775 | D:3      | Found an iron altar of Okawaru.
  3203 | D:4      | You fall into a shaft and drop 2 floors!
  3313 | D:5      | Entered Level 5 of the Dungeon
  3313 | D:5      | Noticed a water moccasin
  3323 | D:5      | Killed a water moccasin
  3669 | D:5      | Reached XP level 7. HP: 67/72 MP: 8/8
  3809 | D:5      | Found a white marble altar of Elyvilon.
  4144 | D:5      | Reached skill level 5 in Axes
  4192 | D:5      | Noticed a wyvern
  4197 | D:5      | Killed a wyvern
  4198 | D:5      | Reached XP level 8. HP: 82/83 MP: 10/10
  4472 | D:5      | Reached skill level 6 in Fighting
  4813 | D:6      | HP: 4/83 [kobold/+0 whip (3)]
  4813 | D:6      | Killed from afar by a steam dragon

Illustrated notes

Levels and vault maps discovered:
D:1:      roderic_crossed_star, layout_loops_corners, minmay_cut_off
D:2:      wander_river, layout_basic, hellmonk_ecumenical_altar_zigzags
D:3:      layout_loops_cross, mainiacjoe_overflow_large_starburst, serial_shops,
          nicolae_shop_crystal, uniq_sigmund
D:4:      layout_basic
D:5:      layout_basic, elyvilon_altar_1
D:6:      layout_cave_pods, lemuel_round_altar, kennysheep_nondescript,
          kennysheep_generic_room_2

Skill      XL: |  1  2  3  4  5  6  7  8 |
---------------+-------------------------+-----
Dodging        | 3 4 |  4.3
Axes           | 3 4 5 |  5.4
Fighting       | 5 6 |  6.1
Throwing       | 1 2 |  2.9
Invocations    | 1 2 3 |  3.3
Shields        | 4 |  4.6

Action                   |  1- 3 |  4- 6 |  7- 9 || total
-------------------------+-------+-------+-------++-------
Melee: War axe           |    97 |   115 |    53 ||   265
Throw: Dart              |       |     2 |     2 ||     4
       Stone             |       |       |    10 ||    10
Invok: Wall of Briars    |       |     1 |       ||     1
  Use: Scroll            |       |     5 |     4 ||     9
       Potion            |       |     1 |     1 ||     2
 Stab: Sleeping          |       |     1 |       ||     1
Armor: Robe              |    35 |    19 |    10 ||    64
Dodge: Dodged            |    33 |    38 |    14 ||    85
Block: Kite shield       |    45 |    54 |    47 ||   146
       Reflection        |       |     1 |     2 ||     3

Table legend: (Time is in decaauts)
 A = Elapsed time spent in this place.
 B = Non-inter-level travel time spent in this place.
 C = Inter-level travel time spent in this place.
 D = Time resting spent in this place.
 E = Time spent auto-exploring this place.
 F = Levels seen in this place.
 G = Mean time per level.
                   A        B        C        D        E       F      G
               +--------+--------+--------+--------+--------+-----+--------+
         Total |   4946 |   4757 |    189 |    319 |   3604 |   6 |  824.3 |
       Dungeon |   4946 |   4757 |    189 |    319 |   3604 |   6 |  824.3 |
               +--------+--------+--------+--------+--------+-----+--------+

Top non-repeatable levels by time:
     D:5: 1327 daAuts
     D:1: 1248 daAuts
     D:2: 1102 daAuts
     D:3: 727 daAuts
     D:6: 315 daAuts
     D:4: 226 daAuts
